PAA
ATLANTIC CITY SONICS @ CASPER GHOSTS
05/19/2034
 
TOP OF THE 1ST
Atlantic City Sonics batting - Pitching for Casper Ghosts : RHP Huibrecht Bik
Pitching: RHP Huibrecht Bik
Batting: RHB Toyozo Yamasaki 0-0: Called Strike
0-1: Swinging Strike
0-2: Ball
1-2: Foul Ball, location: 2F
1-2: Foul Ball, location: 2F
1-2: Ground out 6-3 (Groundball, 6)
Batting: RHB John Willoughby 0-0: Called Strike
0-1: Called Strike
0-2: Ball
1-2: Fly out, F5 (Flyball, 5D)
Batting: LHB Scotty Mitchell 0-0: Ball
1-0: Ball
2-0: Foul Ball, location: 2F
2-1: Ball
3-1: Base on Balls
Batting: LHB Bryce Abood 0-0: Ball
1-0: Fly out, F9 (Flyball, 89D)
Top of the 1st over - 0 runs, 0 hits, 0 errors, 1 left on base; Atlantic City 0 - Casper 0
BOTTOM OF THE 1ST
Casper Ghosts batting - Pitching for Atlantic City Sonics : LHP Ron Fernández
Pitching: LHP Ron Fernández
Batting: RHB Armando Pacheco 0-0: Ball
1-0: Foul Ball, location: 2F
1-1: Ball
2-1: Foul Ball, location: 2F
2-2: Ground out 1-3 (Groundball, 13S)
Batting: RHB Tatsui Kiyomizu 0-0: Called Strike
0-1: Ball
1-1: Called Strike
1-2: Ball
2-2: Strikes out swinging
Batting: LHB Marcus Shill 0-0: Ball
1-0: Ball
2-0: Called Strike
2-1: Swinging Strike
2-2: Fly out, F6 (Popup, 6)
Bottom of the 1st over - 0 runs, 0 hits, 0 errors, 0 left on base; Atlantic City 0 - Casper 0
TOP OF THE 2ND
Atlantic City Sonics batting - Pitching for Casper Ghosts : RHP Huibrecht Bik
Batting: RHB Jeff Quesenberry 0-0: Ball
1-0: Foul Ball, location: 2F
1-1: Foul Ball, location: 2F
1-2: Foul Ball, location: 2F
1-2: Ground out U3 (Groundball, 3)
Batting: LHB Xuan-ling Liao 0-0: Swinging Strike
0-1: Foul Ball, location: 2F
0-2: Strikes out swinging
Batting: RHB Gary Jenkins 0-0: Called Strike
0-1: Ball
1-1: Ground out U3 (Groundball, 3L)
Top of the 2nd over - 0 runs, 0 hits, 0 errors, 0 left on base; Atlantic City 0 - Casper 0
BOTTOM OF THE 2ND
Casper Ghosts batting - Pitching for Atlantic City Sonics : LHP Ron Fernández
Batting: RHB Jeff Mouton 0-0: Ball
1-0: DOUBLE (Line Drive, 78XD)
Batting: RHB Adrijan Markovski 0-0: Ball
1-0: Ball
2-0: SINGLE (Line Drive, 7LS)
Jeff Mouton to third
Runner from 3rd tries for Home, SAFE, throw made home
Batting: LHB Badry Maksimenov 0-0: Ball
1-0: Swinging Strike
Passed Ball!
Adrijan Markovski to second
1-1: Ball
2-1: Ground out 4-3 (Groundball, 4)
Adrijan Markovski to third
Batting: LHB Ronald Anderson 0-0: Ball
1-0: Called Strike
1-1: Foul Ball, location: 2F
1-2: Foul Ball, location: 2F
1-2: Ball
2-2: Strikes out swinging
Batting: RHB Steve Weber 0-0: Foul Ball, location: 2F
0-1: Ball
1-1: DOUBLE (Line Drive, 9LS)
Adrijan Markovski scores
Batting: RHB José Reyes 0-0: 2-RUN HOME RUN (Flyball, 7LD), Distance : 367 ft
Batting: RHB Armando Pacheco 0-0: Ball
1-0: Called Strike
1-1: Ball
2-1: Swinging Strike
2-2: Ball
3-2: Strikes out looking
Bottom of the 2nd over - 4 runs, 4 hits, 0 errors, 0 left on base; Atlantic City 0 - Casper 4
TOP OF THE 3RD
Atlantic City Sonics batting - Pitching for Casper Ghosts : RHP Huibrecht Bik
Batting: LHB António Casas 0-0: Ball
1-0: Swinging Strike
1-1: Swinging Strike
1-2: Ball
2-2: Strikes out swinging
Batting: RHB Kendrick Drumgoole 0-0: Called Strike
0-1: Called Strike
0-2: Foul Ball, location: 2F
0-2: Fly out, F8 (Flyball, 78M)
Batting: RHB Toyozo Yamasaki 0-0: Called Strike
0-1: Ground out U3 (Groundball, 3S)
Top of the 3rd over - 0 runs, 0 hits, 0 errors, 0 left on base; Atlantic City 0 - Casper 4
BOTTOM OF THE 3RD
Casper Ghosts batting - Pitching for Atlantic City Sonics : LHP Ron Fernández
Batting: RHB Tatsui Kiyomizu 0-0: Fly out, F9 (Flyball, 89S)
Batting: LHB Marcus Shill 0-0: Ground out 4-3 (Groundball, 34)
Batting: RHB Jeff Mouton 0-0: Ball
1-0: Foul Ball, location: 2F
1-1: Fly out, F7 (Flyball, 7LM)
Bottom of the 3rd over - 0 runs, 0 hits, 0 errors, 0 left on base; Atlantic City 0 - Casper 4
TOP OF THE 4TH
Atlantic City Sonics batting - Pitching for Casper Ghosts : RHP Huibrecht Bik
Batting: RHB John Willoughby 0-0: Ground out 5-3 (Groundball, 5S)
Batting: LHB Scotty Mitchell 0-0: Foul Ball, location: 2F
0-1: Ball
1-1: Ball
2-1: Called Strike
2-2: Strikes out swinging
Batting: LHB Bryce Abood 0-0: Fly out, F9 (Flyball, 89M)
Top of the 4th over - 0 runs, 0 hits, 0 errors, 0 left on base; Atlantic City 0 - Casper 4
BOTTOM OF THE 4TH
Casper Ghosts batting - Pitching for Atlantic City Sonics : LHP Ron Fernández
Batting: RHB Adrijan Markovski 0-0: Called Strike
0-1: Ground out 1-3 (Groundball, 13S)
Batting: LHB Badry Maksimenov 0-0: Ball
1-0: SINGLE (Groundball, 4MD)
Batting: LHB Ronald Anderson 0-0: Ball
1-0: Ball
2-0: Swinging Strike
2-1: Ball
3-1: Swinging Strike
3-2: Strikes out swinging
Batting: RHB Steve Weber Pickoff Throw to First - Out!
Bottom of the 4th over - 0 runs, 1 hit, 0 errors, 0 left on base; Atlantic City 0 - Casper 4
TOP OF THE 5TH
Atlantic City Sonics batting - Pitching for Casper Ghosts : RHP Huibrecht Bik
Batting: RHB Jeff Quesenberry 0-0: Foul Ball, location: 2F
0-1: Foul Ball, location: 2F
0-2: Foul Ball, location: 2F
0-2: Ball
1-2: Ball
2-2: Fly out, F9 (Flyball, 9D)
Batting: LHB Xuan-ling Liao 0-0: Called Strike
0-1: Ball
1-1: Called Strike
1-2: Foul Ball, location: 2F
1-2: Foul Ball, location: 2F
1-2: Strikes out swinging
Batting: RHB Gary Jenkins 0-0: Ball
1-0: Ball
2-0: Ball
3-0: Called Strike
3-1: Foul Ball, location: 2F
3-2: Strikes out swinging
Top of the 5th over - 0 runs, 0 hits, 0 errors, 0 left on base; Atlantic City 0 - Casper 4
BOTTOM OF THE 5TH
Casper Ghosts batting - Pitching for Atlantic City Sonics : LHP Ron Fernández
Batting: RHB Steve Weber 0-0: Called Strike
0-1: Called Strike
0-2: Foul Ball, location: 2F
0-2: Ground out U3 (Groundball, 34)
Batting: RHB José Reyes 0-0: Foul Ball, location: 2F
0-1: Foul Ball, location: 2F
0-2: Strikes out looking
Batting: RHB Armando Pacheco 0-0: Ball
1-0: Ball
2-0: Called Strike
2-1: Ball
3-1: Base on Balls
Batting: RHB Tatsui Kiyomizu 0-0: Ball
Armando Pacheco steals 2nd base
1-0: Foul Ball, location: 2F
1-1: SINGLE (Groundball, 56D)
Armando Pacheco to third
Runner from 3rd tries for Home, SAFE, no throw
Batting: LHB Marcus Shill 0-0: Ball
1-0: Ball
2-0: Foul Ball, location: 2F
2-1: Fly out, F4 (Flyball, 3D)
Bottom of the 5th over - 1 run, 1 hit, 0 errors, 1 left on base; Atlantic City 0 - Casper 5
TOP OF THE 6TH
Atlantic City Sonics batting - Pitching for Casper Ghosts : RHP Huibrecht Bik
Batting: LHB António Casas 0-0: Called Strike
0-1: Ball
1-1: Ball
2-1: Foul Ball, location: 2F
2-2: Foul Ball, location: 2F
2-2: Strikes out swinging
Batting: RHB Kendrick Drumgoole 0-0: Ball
1-0: Ball
2-0: Ground out 5-3 (Groundball, 25)
Batting: RHB Toyozo Yamasaki 0-0: Swinging Strike
0-1: Ball
1-1: Swinging Strike
1-2: Foul Ball, location: 2F
1-2: Strikes out swinging
Top of the 6th over - 0 runs, 0 hits, 0 errors, 0 left on base; Atlantic City 0 - Casper 5
BOTTOM OF THE 6TH
Casper Ghosts batting - Pitching for Atlantic City Sonics : LHP Ron Fernández
Batting: RHB Jeff Mouton 0-0: Ground out 5-3 (Groundball, 56)
Batting: RHB Adrijan Markovski 0-0: Ball
1-0: Swinging Strike
1-1: Ground out 4-3 (Groundball, 4)
Batting: LHB Badry Maksimenov 0-0: Ball
1-0: Ball
2-0: SINGLE (Groundball, 6MD)
Batting: LHB Ronald Anderson 0-0: Ball
1-0: Ball
Wild Pitch!
Badry Maksimenov to second
2-0: Foul Ball, location: 2F
2-1: Swinging Strike
2-2: Ball
3-2: TRIPLE (Line Drive, 78XD)
Badry Maksimenov scores
Pitching: RHP Alfredo Franco
Batting: RHB Steve Weber 0-0: Ball
1-0: Swinging Strike
1-1: Foul Ball, location: 2F
1-2: Ball
2-2: Ball
3-2: Strikes out swinging
Bottom of the 6th over - 1 run, 2 hits, 0 errors, 1 left on base; Atlantic City 0 - Casper 6
TOP OF THE 7TH
Atlantic City Sonics batting - Pitching for Casper Ghosts : RHP Huibrecht Bik
Now in CF: Paco Ríos
Batting: RHB John Willoughby 0-0: Fly out, F7 (Flyball, 78D)
Batting: LHB Scotty Mitchell 0-0: Called Strike
0-1: Called Strike
0-2: Strikes out swinging
Batting: LHB Bryce Abood 0-0: Called Strike
0-1: Called Strike
0-2: Strikes out swinging
Top of the 7th over - 0 runs, 0 hits, 0 errors, 0 left on base; Atlantic City 0 - Casper 6
BOTTOM OF THE 7TH
Casper Ghosts batting - Pitching for Atlantic City Sonics : RHP Alfredo Franco
Batting: RHB José Reyes 0-0: Ball
1-0: Ground out 6-3 (Groundball, 6)
Batting: RHB Armando Pacheco 0-0: Swinging Strike
0-1: Called Strike
0-2: Strikes out swinging
Batting: RHB Tatsui Kiyomizu 0-0: Ball
1-0: Ball
2-0: Swinging Strike
2-1: Called Strike
2-2: Foul Ball, location: 2F
2-2: Foul Ball, location: 2F
2-2: Strikes out swinging, 2-3 out at first.
Bottom of the 7th over - 0 runs, 0 hits, 0 errors, 0 left on base; Atlantic City 0 - Casper 6
TOP OF THE 8TH
Atlantic City Sonics batting - Pitching for Casper Ghosts : RHP Huibrecht Bik
Now at SS: Vilhelm Loyen
Batting: RHB Jeff Quesenberry 0-0: Called Strike
0-1: Called Strike
0-2: Foul Ball, location: 2F
0-2: Strikes out looking
Batting: LHB Xuan-ling Liao 0-0: Ball
1-0: Ball
2-0: Ball
3-0: Base on Balls
Batting: RHB Gary Jenkins 0-0: Ball
1-0: Foul Ball, location: 2F
1-1: Foul Ball, location: 2F
1-2: Foul Ball, location: 2F
1-2: Ball
2-2: Fly out, F4 (Popup, 4M)
Batting: LHB António Casas 0-0: Ball
1-0: Ball
2-0: Fly out, F3 (Line Drive, 3S)
Top of the 8th over - 0 runs, 0 hits, 0 errors, 1 left on base; Atlantic City 0 - Casper 6
BOTTOM OF THE 8TH
Casper Ghosts batting - Pitching for Atlantic City Sonics : RHP Alfredo Franco
Batting: LHB Marcus Shill 0-0: Ball
1-0: Swinging Strike
1-1: Ball
2-1: Fly out, F8 (Flyball, 8RD)
Batting: RHB Jeff Mouton 0-0: Ball
1-0: Called Strike
1-1: Ball
2-1: Ball
3-1: Base on Balls
Batting: RHB Adrijan Markovski 0-0: Ball
1-0: Called Strike
Jeff Mouton is caught stealing 2nd base
1-1: Swinging Strike
1-2: Ground out 4-3 (Groundball, 4MS)
Bottom of the 8th over - 0 runs, 0 hits, 0 errors, 0 left on base; Atlantic City 0 - Casper 6
TOP OF THE 9TH
Atlantic City Sonics batting - Pitching for Casper Ghosts : RHP Huibrecht Bik
Batting: RHB Kendrick Drumgoole 0-0: Called Strike
0-1: Ground out U3 (Groundball, 34)
Batting: RHB Toyozo Yamasaki 0-0: Swinging Strike
0-1: Ground out 6-3 (Groundball, 6)
Batting: RHB John Willoughby 0-0: Ball
1-0: Ball
2-0: Called Strike
2-1: Ball
3-1: Ground out 4-3 (Groundball, 34)
Top of the 9th over - 0 runs, 0 hits, 0 errors, 0 left on base; Atlantic City 0 - Casper 6
Friday, March 29th, 2019 - OOTP Baseball 18.8 Build 76